 Dungeon Sprint DCSS version 0.20-a0-640-g62ed22f (webtiles) character file.

9609 Kidiri the Eclecticist (level 11, -1/68 HPs)
             Began as a Deep Elf Fire Elementalist on Feb 12, 2017.
             Was the Champion of Vehumet.
             Slain by Rupert
             ... wielding a +2 great sword of holy wrath
              (16 damage)
             ... in the Dungeon (Sprint III: "The Ten Rune Challenge").
             The game lasted 00:29:01 (4013 turns).

Kidiri the Eclecticist (Deep Elf Fire Elementalist) Turns: 4013, Time: 00:29:02

Health: -1/68      AC:  2    Str:  5    XL:     11   Next: 25%
Magic:  23/32      EV: 20    Int: 24    God:    Vehumet [******]
Gold:   32         SH:  0    Dex: 15    Spells: 4/41 levels left

rFire    . . .     SeeInvis .   l - +0 dagger
rCold    . . .     Gourm    .   a - +0 robe
rNeg     . . .     Faith    .   (no shield)
rPois    .         Spirit   .   (helmet restricted)
rElec    .         Reflect  .   (no cloak)
rCorr    .         Harm     .   (no gloves)
MR       +....     NoTele   +   (no boots)
Stlth    ++........             (no amulet)
Regen    0.3/turn               (no ring)
MPRegen  0.3/turn               (no ring)

@: no status effects
A: horns 1, no potion heal 1
a: Renounce Religion


You were in the Dungeon.
You worshipped Vehumet.
Vehumet was exalted by your worship.
You were full.

You visited 1 branch You collected 32 gold pieces.

Inventory:

Hand Weapons
 l - a +0 dagger (weapon)
Armour
 a - a +0 robe (worn)
Wands
 e - a wand of confusion (28/48)
Scrolls
 j - 2 scrolls of immolation
 m - 2 scrolls of remove curse
 n - a scroll of fog
Potions
 b - a potion of might
 d - 2 potions of curing
 f - a potion of haste
 h - a potion of berserk rage
 p - 2 potions of flight
Comestibles
 c - 2 bread rations
 g - 4 chunks of flesh
 k - 23 royal jellies


   Skills:
 + Level 7.7 Fighting
 + Level 6.9 Short Blades
 + Level 7.5 Armour
 + Level 11.2 Dodging
 - Level 2.4 Stealth
 * Level 15.7 Spellcasting
 + Level 10.1 Conjurations
 + Level 10.3 Fire Magic
 + Level 7.0 Air Magic
 + Level 7.1 Earth Magic
 + Level 7.7 Poison Magic
 + Level 7.1 Evocations


You had 4 spell levels left.
You knew the following spells:

 Your Spells              Type           Power        Failure   Level  Hunger
a - Flame Tongue          Conj/Fire      #####        1%          1    None
b - Throw Flame           Conj/Fire      ######       1%          2    None
c - Conjure Flame         Conj/Fire      ######..     1%          3    None
d - Inner Flame           Hex/Fire       #####...     1%          3    None
e - Sticky Flame          Conj/Fire      ######..     1%          4    None
f - Fireball              Conj/Fire      ######....   1%          5    ##.....
g - Mephitic Cloud        Conj/Pois/Air  ######..     1%          3    None
h - Sandblast             Erth           ######       1%          1    None
i - Ignite Poison         Fire/Tmut/Pois #####...     1%          3    None
j - Magic Dart            Conj           ####         1%          1    None
k - Summon Small Mammal   Summ           ###.         3%          1    None
l - Call Imp              Summ           ###.....     6%          2    None
m - Stone Arrow           Conj/Erth      ######       1%          3    None
n - Lightning Bolt        Conj/Air       ######....   1%          5    ##.....


Dungeon Overview and Level Annotations

Branches:
Dungeon (1/1)

Altars:
Cheibriados
Dithmenos
Elyvilon
Fedhas
Gozag
Hepliaklqana
Kikubaaqudgha
Makhleb
Nemelex Xobeh
Okawaru
Qazlal
Ru
Sif Muna
Trog
Uskayaw
Vehumet
Xom
Yredelemnul
Zin
The Shining One
Beogh
Jiyva
Lugonu

Annotations:
D exclusion: door, Rupert


Innate Abilities, Weirdness & Mutations

You have a pair of small horns on your head.
Potions are less effective at restoring your health.


Message History

Aiming: Sticky Flame
Press: ? - help, Shift-Dir - straight line, f - Rupert
Aim: Rupert, wielding a great sword of holy wrath and wearing a ring mail (lightly wounded, berserk, fast, unusually strong)
The sticky flame hits Rupert.
Rupert is lightly wounded.
Rupert is covered in liquid flames!
Rupert burns!
Rupert hits you with a great sword of holy wrath!!
Unknown command.
Rupert burns!
Rupert hits you with a great sword of holy wrath!!
* * * LOW HITPOINT WARNING * * *
Unknown command.
Rupert burns!
Rupert burns!
Your system partially rejects the healing.
You feel better.
Rupert burns!
Rupert hits you with a great sword of holy wrath!
* * * LOW HITPOINT WARNING * * *
Rupert hits you with a great sword of holy wrath!
You die...

...##..###....#.⌠.#__#...#+######
..##...##.....#...#__#...#..≈≈≈'.
.##....#......#+###__#...#.#§≈§#.
###..##.#.....#.).#__#...'.#§§§#.
# #..#####....#___#__+...#.#§§§#.
▓▓▓▓▓▓▓▓▓▓▓▓▓▓▓▓▓▓▓▓▓▓▓▓▓▓▓▓▓▓▓▓▓
+≈≈≈≈≈≈≈≈≈♣♣.....♣♣♣♣≈≈≈........
#≈≈§≈§§≈≈.♣♣.≈≈≈≈+♣♣'♣≈≈≈≈≈≈≈≈≈≈
#≈.≈≈≈§≈§.≈'..@@.#.≈♣♣♣♣♣♣♣♣♣♣♣♣
#≈≈≈≈§§≈≈≈♣♣♣♣♣♣♣#..♣♣
#≈≈≈≈≈≈≈≈≈♣ ###+♣♣♣♣♣♣♣♣♣♣♣
####'###### ♣♣♣♣.##(.##≈≈≈≈≈
............. ♣...##.##)#≈≈≈≈≈
############# ♣♣.##.##.##+≈≈≈≈
♣...#.##...#≈≈.. ♣.♣.##.##..#≈..+
♣♣♣.##.#####...#


You could see Rupert (berserk).

Vanquished Creatures
  Snorg (D)
  A centaur warrior (D)
  An unseen horror (D)
  A death drake (D)
  A lindwurm (D)
  A deep elf mage (D)
  2 spiny frogs (D)
  A rime drake (D)
  A komodo dragon (D)
  A queen bee (D)
  2 tyrant leeches (D)
  3 wandering mushrooms (D)
  5 blink frogs (D)
  3 redbacks (D)
  A shadow (D)
  A spatial vortex (D)
  A swamp drake (D)
  A necrophage (D)
  2 centaurs (D)
  An earth elemental (D)
  A water elemental (D)
  32 killer bees (D)
  A jelly (D)
  A wizard (D)
  A necromancer (D)
  3 humans (D)
  A kobold demonologist (D)
  An ooze (D)
  A phantom (D)
  3 rats (D)
76 creatures vanquished.

Vanquished Creatures (others)
  2 draconian scorchers (D)
  2 hydras (D)
  Urug (D)
  6 hellions (D)
  3 yaktaurs (D)
  An electric eel (D)
  8 plants (D)
23 creatures vanquished.

Grand Total: 99 creatures vanquished

Notes
Turn   | Place    | Note
-------+----------+-------------------------------------------
     0 | D        | Kidiri the Deep Elf Fire Elementalist began the quest for the Orb.
     0 | D        | Reached XP level 1. HP: 10/10 MP: 6/6
    91 | D        | Killed a hellion
   110 | D        | Reached skill level 1 in Fighting
   110 | D        | Reached skill level 4 in Spellcasting
   110 | D        | Reached XP level 2. HP: 16/16 MP: 6/9
   114 | D        | Learned a level 2 spell: Throw Flame
   115 | D        | Killed a hellion
   126 | D        | Killed a yaktaur
   151 | D        | Reached skill level 1 in Armour
   151 | D        | Reached skill level 5 in Spellcasting
   151 | D        | Reached XP level 3. HP: 5/20 MP: 8/11
   156 | D        | Learned a level 3 spell: Conjure Flame
   160 | D        | Learned a level 3 spell: Inner Flame
   164 | D        | Killed a hellion
   175 | D        | Killed a hellion
   187 | D        | Killed a white draconian scorcher
   188 | D        | Killed a white draconian scorcher
   214 | D        | Killed a hellion
   273 | D        | Killed a hellion
   392 | D        | Gained mutation: You are surrounded by a mild repulsion field. (EV +2) [potion of mutation]
   392 | D        | Gained mutation: You are robust. (+10% HP) [potion of mutation]
   393 | D        | Lost mutation: You are robust. (+10% HP) [potion of mutation]
   393 | D        | Lost mutation: You are surrounded by a mild repulsion field. (EV +2) [potion of mutation]
   393 | D        | Gained mutation: You are frail. (-10% HP) [potion of mutation]
   393 | D        | Gained mutation: Your system is resistant to poisons. (rPois) [potion of mutation]
   393 | D        | Gained mutation: Your spells are a little harder to cast, but a little more powerful. [potion of mutation]
   394 | D        | Lost mutation: You are frail. (-10% HP) [potion of mutation]
   394 | D        | Lost mutation: Your spells are a little harder to cast, but a little more powerful. [potion of mutation]
   394 | D        | Lost mutation: Your system is resistant to poisons. (rPois) [potion of mutation]
   394 | D        | Gained mutation: You possess an exceptional clarity of mind. [potion of mutation]
   394 | D        | Gained mutation: You are agile. (Dex +2) [potion of mutation]
   395 | D        | Lost mutation: You are agile. (Dex +2) [potion of mutation]
   395 | D        | Lost mutation: You possess an exceptional clarity of mind. [potion of mutation]
   395 | D        | Gained mutation: Potions are less effective at restoring your health. [potion of mutation]
   395 | D        | Gained mutation: You have a pair of small horns on your head. [potion of mutation]
   404 | D        | Noticed a water elemental
   409 | D        | Killed a water elemental
   409 | D        | Reached skill level 6 in Spellcasting
   409 | D        | Reached XP level 4. HP: 25/27 MP: 3/14
   489 | D        | Learned a level 4 spell: Sticky Flame
   498 | D        | Found a radiant altar of Vehumet.
   499 | D        | Found a deep blue altar of Sif Muna.
   499 | D        | Found an ancient bone altar of Kikubaaqudgha.
   499 | D        | Noticed a wizard
   502 | D        | Noticed a rust devil
   502 | D        | Killed a wizard
   502 | D        | Reached skill level 7 in Spellcasting
   502 | D        | Reached skill level 5 in Fire Magic
   504 | D        | Noticed a smoke demon
   504 | D        | Reached skill level 5 in Dodging
   511 | D        | Became a worshipper of Vehumet
   723 | D        | Found a glowing silver altar of Zin.
   724 | D        | Found a glowing golden altar of the Shining One.
   724 | D        | Found a white marble altar of Elyvilon.
   724 | D        | Noticed a deep elf mage
   728 | D        | Killed a deep elf mage
   728 | D        | Reached skill level 10 in Spellcasting
   728 | D        | Reached XP level 5. HP: 29/34 MP: 8/20
   728 | D        | Reached XP level 6. HP: 33/39 MP: 8/21
   735 | D        | Learned a level 5 spell: Fireball
   739 | D        | Learned a level 3 spell: Mephitic Cloud
   802 | D        | Found a hide-covered altar of Uskayaw.
   802 | D        | Found a roughly hewn altar of Beogh.
   802 | D        | Found an iron altar of Okawaru.
   802 | D        | Found a bloodstained altar of Trog.
   802 | D        | Noticed a human
   806 | D        | Noticed a human
   813 | D        | Killed a human
   813 | D        | Reached skill level 1 in Short Blades
   813 | D        | Reached skill level 11 in Spellcasting
   813 | D        | Reached skill level 1 in Air Magic
   813 | D        | Reached skill level 1 in Poison Magic
   813 | D        | Reached XP level 7. HP: 44/44 MP: 7/23
   815 | D        | Killed a human
   815 | D        | Reached * piety under Vehumet
   815 | D        | Offered knowledge of Sandblast by Vehumet.
   815 | D        | Reached skill level 5 in Fighting
   818 | D        | Learned a level 1 spell: Sandblast
   911 | D        | Found a basalt altar of Yredelemnul.
   911 | D        | Found a shadowy altar of Dithmenos.
   911 | D        | Found a sacrificial altar of Ru.
   917 | D        | Reached skill level 5 in Armour
   919 | D        | Reached skill level 1 in Earth Magic
   989 | D        | Reached ** piety under Vehumet
   989 | D        | Offered knowledge of Sting by Vehumet.
   990 | D        | Noticed a shadow
   994 | D        | Killed a shadow
   994 | D        | Reached skill level 1 in Evocations
   994 | D        | Reached XP level 8. HP: 34/49 MP: 20/25
  1083 | D        | Found a blossoming altar of Fedhas.
  1083 | D        | Found a stormy altar of Qazlal.
  1083 | D        | Found a snail-covered altar of Cheibriados.
  1083 | D        | Found a burning altar of Makhleb.
  1083 | D        | Found a shimmering altar of Xom.
  1084 | D        | Found a hazy altar of Hepliaklqana.
  1084 | D        | Found an opulent altar of Gozag.
  1084 | D        | Found a sparkling altar of Nemelex Xobeh.
  1084 | D        | Found a corrupted altar of Lugonu.
  1084 | D        | Found a viscous altar of Jiyva.
  1102 | D        | Reached skill level 12 in Spellcasting
  1261 | D        | Noticed Snorg
  1278 | D        | Killed Snorg
  1278 | D        | Offered knowledge of Ignite Poison by Vehumet.
  1278 | D        | Reached XP level 9. HP: 55/55 MP: 10/27
  1283 | D        | Learned a level 3 spell: Ignite Poison
  1378 | D        | Learned a level 1 spell: Magic Dart
  1428 | D        | Learned a level 1 spell: Summon Small Mammal
  1431 | D        | Learned a level 2 spell: Call Imp
  1724 | D        | Reached *** piety under Vehumet
  1854 | D        | Killed a yaktaur
  1886 | D        | Noticed a centaur warrior
  1894 | D        | Offered knowledge of Stone Arrow by Vehumet.
  1896 | D        | Killed a centaur warrior
  1896 | D        | Reached skill level 13 in Spellcasting
  1896 | D        | Reached skill level 5 in Poison Magic
  1901 | D        | Learned a level 3 spell: Stone Arrow
  2005 | D        | Noticed an unseen horror
  2009 | D        | Killed an unseen horror
  2009 | D        | Reached **** piety under Vehumet
  2056 | D        | Offered knowledge of Lightning Bolt by Vehumet.
  2056 | D        | Reached skill level 5 in Air Magic
  2060 | D        | Reached ***** piety under Vehumet
  2060 | D        | Reached skill level 5 in Earth Magic
  2062 | D        | Reached skill level 5 in Short Blades
  2064 | D        | Reached XP level 10. HP: 61/61 MP: 10/29
  2066 | D        | Reached skill level 5 in Evocations
  2066 | D        | Reached ****** piety under Vehumet
  2067 | D        | Reached skill level 14 in Spellcasting
  2069 | D        | Reached skill level 10 in Dodging
  2197 | D        | Learned a level 5 spell: Lightning Bolt
  2206 | D        | Offered knowledge of Spellforged Servitor by Vehumet.
  2457 | D        | Noticed a spiny frog
  2457 | D        | Noticed a spiny frog
  2461 | D        | Killed a spiny frog
  2461 | D        | Killed a spiny frog
  2461 | D        | Offered knowledge of Fulminant Prism by Vehumet.
  2482 | D        | Killed a six-headed hydra
  2592 | D        | Killed a four-headed hydra
  2694 | D        | Noticed a lindwurm
  2699 | D        | Killed a lindwurm
  2702 | D        | HP: 3/63 [tyrant leech (19)]
  3033 | D        | Reached skill level 15 in Spellcasting
  3396 | D        | Reached skill level 10 in Fire Magic
  3465 | D        | Noticed Urug
  3468 | D        | Offered knowledge of Bolt of Fire by Vehumet.
  3490 | D        | Killed Urug
  3490 | D        | Reached XP level 11. HP: 38/67 MP: 25/32
  3636 | D        | Noticed a death drake
  3645 | D        | Killed a death drake
  3919 | D        | Reached skill level 10 in Conjurations
  3996 | D        | Noticed Rupert
  4013 | D        | Slain by Rupert

Vault maps used:
D:        dungeon_sprint_mu

Skill      XL: |  1  2  3  4  5  6  7  8  9 10 11 |
---------------+----------------------------------+-----
Dodging        | 3 4 7 8 9 10 11 | 11.2
Fighting       | 1 2 4 5 6 7 |  7.7
Spellcasting   | 4 5 6 10 11 12 13 15 | 15.7
Conjurations   | 2 3 6 7 8 9 10 | 10.1
Armour         | 1 2 4 5 6 7 |  7.5
Fire Magic     | 4 7 8 9 10 | 10.3
Short Blades   | 1 2 3 5 6 |  6.9
Air Magic      | 1 2 3 5 6 7 |  7.0
Poison Magic   | 1 2 4 5 7 |  7.7
Earth Magic    | 1 3 5 6 7 |  7.1
Evocations     | 1 3 4 6 7 |  7.1
Stealth        | |  2.4

Action                   |  1- 3 |  4- 6 |  7- 9 | 10-12 || total
-------------------------+-------+-------+-------+-------++-------
Melee: Dagger            |       |     1 |     3 |     5 ||     9
       Headbutt          |       |       |     1 |     2 ||     3
 Cast: Flame Tongue      |    17 |     8 |    46 |    22 ||    93
       Throw Flame       |     1 |       |     1 |     2 ||     4
       Conjure Flame     |     2 |     1 |     2 |     6 ||    11
       Sticky Flame      |       |     4 |     4 |    10 ||    18
       Mephitic Cloud    |       |     1 |    11 |     8 ||    20
       Fireball          |       |       |     1 |     3 ||     4
       Magic Dart        |       |       |   100 |       ||   100
       Ignite Poison     |       |       |     4 |     5 ||     9
       Call Imp          |       |       |     4 |       ||     4
       Summon Small Mamm |       |       |     1 |       ||     1
       Lightning Bolt    |       |       |       |     7 ||     7
       Stone Arrow       |       |       |       |     4 ||     4
  Use: Potion            |     6 |       |     1 |     2 ||     9
       Scroll            |     2 |       |     1 |     1 ||     4
 Stab: Distracted        |       |       |     1 |       ||     1
       Confused          |       |       |     1 |       ||     1
       Sleeping          |       |       |       |     1 ||     1
  Eat: Meat ration       |       |       |     1 |       ||     1
       Royal jelly       |       |       |       |     5 ||     5
       Chunk             |       |       |       |     1 ||     1
Armor: Robe              |       |       |     1 |       ||     1
Dodge: Dodged            |     3 |     4 |    17 |    30 ||    54
